Map: Sludge City

Players

KanyeWest

  • Race: Terran Terran
  • League: Master
  • Spawn Location: 5:00

Meister - Winner!

  • Race: Terran Terran
  • League: Master
  • Spawn Location: 9:00

Night

  • Race: Zerg Zerg
  • Spawn Location: 5:00

llllllllllll - Winner!

  • Race: Terran Terran
  • Spawn Location: 11:00

VOD

Have the link to the VOD?

Description

Time

  • Played on: April 2, 2017, 5:24 a.m.
  • Length: 5:22
Show
View Real Time Build Order
Export as new Build Order

KanyeWest Terran 

Build Orders: Cyclone Opening 

Get SALT Encoding   

  12  0:00  SCV  
  13  0:13  SCV  
  14  0:18  Supply Depot  
  14  0:25  SCV  
  15  0:29  Refinery  
  15  0:40  SCV  
  16  0:46  Barracks  
  16  0:52  SCV  
  17  0:58  Refinery  
  17  1:04  SCV  
  18  1:16  SCV  
  19  1:33  Orbital Command  
  19  1:34  Reaper  
  19  1:37  Factory  
  20  1:59  SCV  
  21  2:11  Barracks Reactor, SCV  
  22  2:17  Supply Depot  
  22  2:23  SCV  
  23  2:32  Starport  
  22  2:39  Cyclone  
  25  2:45  SCV  
  25  2:48  Reaper x2  
  27  2:55  Supply Depot  
  27  2:57  SCV  
  28  3:09  SCV  
  29  3:17  Cyclone  
  29  3:18  Liberator  
  32  3:21  SCV  
  33  3:33  Command Center  
  33  3:38  SCV  
  37  3:45  Reaper x2  
  39  4:19  Liberator  
  39  4:26  Cyclone  
  39  4:34  Supply Depot  
  39  4:36  Marine x2, Supply Depot  
  39  4:37  SCV  
  45  4:42  Barracks  
  45  4:43  Barracks  
  45  4:49  SCV  
  46  4:54  Marine x2  
Show
View Real Time Build Order
Export as new Build Order

Meister Terran - Winner!

Build Orders: Reaper Expand 

Get SALT Encoding   

  12  0:01  SCV  
  13  0:13  SCV  
  14  0:17  Supply Depot  
  14  0:26  SCV  
  15  0:39  SCV  
  15  0:41  Barracks  
  16  0:46  Refinery  
  16  0:51  SCV  
  17  1:03  SCV  
  18  1:16  SCV  
  19  1:29  Reaper  
  19  1:30  Orbital Command  
  20  1:42  Command Center  
  20  1:52  Barracks  
  20  1:55  SCV  
  21  2:02  Barracks Reactor  
  21  2:08  Supply Depot  
  21  2:09  SCV  
  21  2:14  Refinery  
  22  2:21  SCV  
  23  2:26  Factory  
  23  2:33  SCV  
  24  2:45  SCV  
  24  2:47  Barracks Tech Lab, Marine x2  
  27  2:58  SCV  
  28  2:59  Orbital Command  
  28  3:06  Stimpack  
  28  3:08  Marine  
  28  3:11  Marine  
  28  3:12  Marine  
  31  3:13  SCV  
  32  3:21  Starport  
  32  3:24  Factory Reactor  
  32  3:28  SCV x2  
  32  3:29  Marine x2  
  32  3:33  Marine  
  37  3:41  Supply Depot  
  37  3:43  SCV x2  
  37  3:47  Marine x2  
  41  3:52  Supply Depot  
  41  3:54  Marine  
  41  3:55  SCV x2  
  44  4:04  Marine  
  44  4:07  SCV  
  44  4:09  Marine  
  42  4:12  Marine  
  39  4:22  Marine  
  38  4:25  SCV  
  38  4:26  Medivac x2  
  38  4:27  Marine  
  38  4:29  Marine  
  45  4:32  SCV  
  45  4:37  SCV  
  47  4:40  Marine  
  47  4:44  SCV, Marine  
  50  4:47  Marine, Supply Depot  
  50  4:49  SCV  
  52  4:56  SCV  
  52  4:58  Marine  
  54  5:00  Factory Tech Lab  
  54  5:05  Supply Depot  
  54  5:08  Supply Depot  
  54  5:09  SCV x2  
Show
View Real Time Build Order
Export as new Build Order

Night Zerg 

Build Orders: Hatch First, Zergling Baneling 

Get SALT Encoding   

  12  0:01  Drone  
  13  0:12  Overlord  
  13  0:17  Drone  
  14  0:33  Drone x2  
  16  0:37  Drone  
  17  0:53  Hatchery  
  16  0:57  Drone  
  16  1:01  Drone  
  18  1:04  Extractor  
  17  1:15  Spawning Pool  
  17  1:17  Drone  
  17  1:22  Drone  
  18  1:29  Drone  
  19  1:38  Overlord  
  19  2:04  Queen  
  19  2:05  Queen  
  19  2:06  Zergling x2  
  19  2:07  Zergling x4  
  26  2:14  Metabolic Boost  
  26  2:20  Drone  
  27  2:47  Overlord  
  27  2:48  Baneling Nest  
  27  2:49  Zergling x10  
  30  2:59  Overlord  
  30  3:04  Zergling x2  
  31  3:09  Hatchery  
  30  3:13  Zergling x4  
  30  3:19  Zergling x8  
  36  3:28  Zergling x2  
  36  3:29  Zergling x6  
  40  3:39  Baneling  
  40  3:40  Baneling x4  
  39  3:50  Zergling x6  
  39  3:51  Zergling x6  
  45  3:58  Zergling x4  
  45  3:59  Zergling x2  
  45  4:14  Zergling x6  
  41  4:20  Zergling x10  
  41  4:21  Zergling x2  
  41  4:22  Zergling x2  
  41  4:25  Zergling x2  
  42  4:31  Zergling x2  
  42  4:32  Zergling x4  
  42  4:35  Baneling x3  
  42  4:37  Baneling  
  45  4:38  Baneling  
  45  4:46  Zergling x2  
  45  4:47  Zergling x4  
  45  4:50  Zergling x4  
  45  4:52  Baneling  
  50  4:59  Zergling x4  
  53  5:00  Zergling x2  
Show
View Real Time Build Order
Export as new Build Order

llllllllllll Terran - Winner!

Build Orders: Reaper Expand 

Get SALT Encoding   

  12  0:00  SCV  
  13  0:13  SCV  
  14  0:18  Supply Depot  
  14  0:25  SCV  
  15  0:31  Refinery  
  15  0:40  SCV  
  16  0:46  Barracks  
  16  0:52  SCV  
  17  1:04  SCV  
  18  1:16  SCV  
  19  1:32  Orbital Command  
  19  1:33  Reaper  
  20  1:45  Command Center  
  20  1:55  Factory  
  20  1:58  SCV  
  21  2:03  Refinery  
  21  2:08  Barracks Reactor  
  21  2:14  Supply Depot  
  21  2:16  SCV  
  22  2:28  SCV  
  24  2:44  SCV  
  24  2:55  Barracks Reactor, Hellion x2  
  24  2:56  SCV  
  24  2:58  Factory  
  29  3:01  Orbital Command  
  29  3:10  SCV  
  30  3:18  Supply Depot  
  30  3:22  Hellion x2  
  30  3:26  SCV  
  35  3:28  SCV  
  36  3:39  SCV  
  37  3:41  Supply Depot  
  37  3:45  SCV  
  37  3:48  Cyclone x2  
  43  3:53  Cyclone  
  46  4:05  SCV  
  46  4:06  SCV  
  46  4:09  Cyclone, Supply Depot x2  
  51  4:18  SCV x2  
  51  4:20  Cyclone  
  56  4:29  Hellion  
  56  4:30  SCV x2  
  60  4:32  Supply Depot  
  60  4:36  Barracks Tech Lab, Refinery x2  
  60  4:43  Hellion x2  
  65  4:45  SCV x2  
  66  4:53  Starport  
  66  5:02  SCV  
  66  5:03  SCV  
Tags
 
Add a new tag
Caveats
  • Supply blocks, unpowered buildings, or Contaminate may cause inaccurate times.
  • Supply counts are checked every 10 seconds.